 Dungeon Crawl Stone Soup version 0.29.1-1-gd02db6906a (webtiles) character file.

Game seed: 9974587968175930025

2763 ImASeal the Cleaver (level 9, 0/79 (85) HPs)
             Began as a Troll Fighter on Oct 6, 2022.
             Was an Initiate of Gozag.
             Slain by a cyclops (22 damage)
             ... on level 7 of the Dungeon.
             The game lasted 00:17:40 (6508 turns).

ImASeal the Cleaver (Troll Fighter)                 Turns: 6508, Time: 00:17:40

HP:   0/79 (85)     AC:  5    Str: 30    XL:     9   Next: 42%
MP:   8/8           EV: 15    Int:  4    God:    Gozag
Gold: 244           SH: 10    Dex: 17    Spells: 8/8 levels left

rFire   . . .      SeeInvis .   b - +0 broad axe
rCold   . . .      Faith    .   c - +0 kite shield
rNeg    . . .      Spirit   .   u - +1 robe of Inaction {Dex+2}
rPois   .          Reflect  .   (helmet restricted)
rElec   .          Harm     .   G - scarf {repulsion}
rCorr   .          Rampage  .   (gloves unavailable)
Will    .....                   (boots unavailable)
Stlth   ++........              (no amulet)
HPRegen 1.03/turn               i - +6 ring of dexterity
MPRegen 0.11/turn               q - +4 ring of evasion

@: drained, repel missiles
A: large, unfitting armour, claws 3, regeneration 1, shaggy fur 1, tough skin 1
a: Renounce Religion, Potion Petition, Call Merchant, Bribe Branch


You were on level 7 of the Dungeon.
You worshipped Gozag.
Gozag was aware of your devotion.
You visited 2 branches of the dungeon, and saw 8 of its levels.

You collected 891 gold pieces.
You spent 571 gold pieces at shops.
You paid 76 gold pieces to Gozag.

Inventory:

Hand Weapons
 a - a +0 war axe
 b - a +0 broad axe (weapon)
 t - a +0 hammer
Missiles
 g - 24 stones (quivered)
 j - 11 poisoned darts
 H - 4 atropa-tipped darts
 I - 8 boomerangs
 J - 5 large rocks
 P - 4 boomerangs of dispersal
Armour
 c - a +0 kite shield (worn)
 u - the +1 robe of Inaction (worn) {Dex+2}
   (You found it on level 3 of the Dungeon)

   Dex:       It affects your dexterity (+2).
 G - a scarf of repulsion (worn)
 Q - a scarf of harm
Jewellery
 i - a +6 ring of dexterity (left claw)
 q - a +4 ring of evasion (right claw)
Wands
 s - a wand of mindburst (18)
 D - a wand of flame (22)
 F - a wand of digging (2)
 R - a wand of iceblast (7)
Scrolls
 f - 2 scrolls of identify
 h - 5 scrolls of blinking
 k - 4 scrolls of noise {unknown}
 r - 2 scrolls of immolation {unknown}
 w - a scroll of magic mapping
 x - 5 scrolls of teleportation
 y - a scroll of amnesia
 C - a scroll of acquirement
 E - a scroll of poison
 K - a scroll of fog
 L - a scroll of fear
 M - a scroll of enchant armour
 N - 2 scrolls of summoning
Potions
 d - 3 potions of might
 l - a potion of invisibility {unknown}
 m - 4 potions of curing
 n - a potion of magic {unknown}
 o - a potion of flight {unknown}
 p - 2 potions of mutation {unknown}
 v - a potion of ambrosia
 z - 3 potions of lignification
 A - 2 potions of brilliance
 B - a potion of haste {unknown}
 O - a potion of degeneration {unknown}


   Skills:
 + Level 4.7 Fighting
 + Level 8.0 Axes
 + Level 0.8 Throwing
 + Level 5.1 Dodging
 + Level 5.3 Shields


You had 8 spell levels left.
You didn't know any spells.
Your spell library contained the following spells:

 Spells                   Type           Power      Damage    Failure   Level
 Foxfire                  Conj/Fire      0%         2x1d4     77%         1
 Conjure Flame            Conj/Fire      0%         6-21      98%         3
 Inner Flame              Hex/Fire       0%         N/A       98%         3
 Stone Arrow              Conj/Erth      0%         3d7       98%         3
 Tukima's Dance           Hex            0%         N/A       98%         3
 Animate Armour           Summ/Erth      0%         N/A       100%        4
 Flame Wave               Conj/Fire      0%         2d4       100%        4
 Passage of Golubria      Tloc           0%         N/A       100%        4
 Yara's Violent Unravell  Hex/Tmut       0%         3d3       100%        5
 Borgnjor's Revivificati  Necr           0%         N/A       100%        8
 Lehudib's Crystal Spear  Conj/Erth      0%         10d2      100%        8
 Necromutation            Tmut/Necr      0%         N/A       100%        8
 Death's Door             Necr           0%         N/A       100%        9


Dungeon Overview and Level Annotations

Branches:
Dungeon (7/15)             Temple (1/1) D:5

Altars:
Cheibriados
Dithmenos
Elyvilon
Fedhas
Gozag
Kikubaaqudgha
Nemelex Xobeh
Okawaru
Qazlal
Ru
Sif Muna
Trog
Uskayaw
Vehumet
Wu Jian
Xom
Yredelemnul
Zin
The Shining One


Innate Abilities, Weirdness & Mutations

You are too large for most types of armour.
You have claws for hands.
Your natural rate of healing is unusually fast.
You are covered in fur. (AC +1)
You have tough skin. (AC +1)


Message History

The stone hits the cyclops but does no damage.
You throw a stone. The stone hits the cyclops.
The cyclops is lightly wounded.
You throw a stone.
The stone hits the cyclops but does no damage.
The cyclops is lightly wounded.
The cyclops throws a large rock.
The large rock hits you!!
You throw a stone.
The stone hits the cyclops but does no damage.
The cyclops is lightly wounded.
You throw a stone. The stone barely misses the cyclops.
The cyclops throws a large rock.
The large rock barely misses you.
You throw a stone.
The stone hits the cyclops but does no damage.
The cyclops is lightly wounded.
The cyclops throws a large rock.
The large rock barely misses you.
Found a trident.
The cyclops throws a large rock.
The large rock closely misses you. The cyclops completely misses you.
You hit the cyclops but do no damage. You block the cyclops's attack.
You barely miss the cyclops. You barely miss the cyclops.
The cyclops closely misses you.
You slash the cyclops!
The cyclops is lightly wounded.
The cyclops hits you!!
You are too injured to fight recklessly!
You are too injured to fight recklessly!
You slash the cyclops!
The cyclops is moderately wounded.
The cyclops completely misses you.
You slash the cyclops!
The cyclops is heavily wounded.
The cyclops hits you!!
* * * LOW HITPOINT WARNING * * *
You feel much better. You block the cyclops's attack.
You slash the cyclops!
The cyclops is severely wounded.
The cyclops hits you!!
You die...
Your body crumbles into a pile of gold.

#...###..#...#.....###..#
..### ##.#.##..###.##..##
.## #......## .#..## ##
#....### .#<##
#####....### .#.# ##
#......#...####...#
.###..##.####......###
.......#.# #.....#.#
.........# #.###@..#
.......#..... ##C...#
.........#### ##......
.........# #.....
..........# ...).
......#...# ....
..#####...# ... ..# ...
..#


You could see a cyclops.

Vanquished Creatures
  Sigmund (D:2)
  Eustachio (D:5)
  Menkaure (D:6)
  2 water moccasins
  An orc warrior (D:6)
  3 centaurs
  2 ogres (D:4)
  Blork the orc (D:5)
  6 scorpions
  3 wights (D:7)
  2 howler monkeys (D:6)
  2 hounds
  4 jellies
  4 orc priests
  Crazy Yiuf (D:2)
  2 gnoll boudas (D:5)
  Jessica (D:2)
  Terence (D:3)
  5 iguanas
  An orc wizard (D:7)
  9 gnolls
  13 adders
  2 river rats (D:5)
  2 shadow imps (D:7)
  2 white imps (D:6)
  An ufetubus (D:7)
  2 dart slugs
  A worm (D:4)
  32 orcs
  5 endoplasms
  6 giant cockroaches
  2 goblins
  9 hobgoblins
  10 jackals
  5 kobolds
  6 quokkas
  7 ball pythons
  7 bats
  5 frilled lizards
  5 rats
175 creatures vanquished.

Notes
Turn   | Place    | Note
-------+----------+-------------------------------------------
     0 | D:1      | ImASeal the Troll Fighter began the quest for the Orb.
     0 | D:1      | Reached XP level 1. HP: 22/22 MP: 0/0
   431 | D:1      | Reached XP level 2. HP: 29/29 MP: 1/1
   876 | D:2      | Reached skill level 2 in Axes
   882 | D:2      | Reached XP level 3. HP: 32/36 MP: 2/2
  1014 | D:2      | Noticed Sigmund
  1020 | D:2      | Killed Sigmund
  1021 | D:2      | Reached skill level 3 in Axes
  1021 | D:2      | Reached XP level 4. HP: 33/45 MP: 3/3
  1021 | D:2      | Reached XP level 5. HP: 39/53 MP: 4/4
  1483 | D:2      | Noticed Jessica
  1498 | D:2      | Killed Jessica
  1557 | D:2      | Found a faded altar of an unknown god.
  1785 | D:2      | Reached XP level 6. HP: 37/61 MP: 5/5
  2014 | D:2      | Found a runed translucent door.
  2015 | D:2      | Noticed Crazy Yiuf
  2025 | D:2      | Killed Crazy Yiuf
  2075 | D:3      | Identified the +1 robe of Inaction {Dex+2}
  2160 | D:3      | Noticed Terence
  2169 | D:3      | Killed Terence
  2272 | D:3      | Reached skill level 4 in Axes
  2539 | D:4      | Reached XP level 7. HP: 36/67 MP: 6/6
  2807 | D:4      | Reached skill level 5 in Axes
  2967 | D:5      | Entered Level 5 of the Dungeon
  3001 | D:5      | HP: 2/67 [iguana (10)]
  3069 | D:5      | Reached XP level 8. HP: 72/78 MP: 7/7
  3114 | D:5      | Found a staircase to the Ecumenical Temple.
  3151 | Temple   | Entered the Ecumenical Temple
  3533 | Temple   | Became a worshipper of Gozag Ym Sagoz the Greedy
  3569 | D:5      | Noticed Blork the orc
  3579 | D:5      | Killed Blork the orc
  3580 | D:5      | Reached skill level 6 in Axes
  4063 | D:5      | Noticed Eustachio
  4081 | D:5      | Killed Eustachio
  4869 | D:6      | Reached skill level 7 in Axes
  4915 | D:6      | Reached skill level 5 in Shields
  4932 | D:6      | Reached XP level 9. HP: 10/85 MP: 8/8
  5292 | D:6      | Noticed Menkaure
  5300 | D:6      | Killed Menkaure
  5447 | D:6      | Found Xyffurov's Magic Scroll Shoppe.
  5455 | D:6      | Bought a scroll of teleportation for 33 gold pieces
  5455 | D:6      | Bought 2 scrolls of blinking for 165 gold pieces
  5455 | D:6      | Bought a scroll of fog for 44 gold pieces
  5455 | D:6      | Bought a scroll of fear for 44 gold pieces
  5455 | D:6      | Bought a scroll of identify for 22 gold pieces
  5455 | D:6      | Bought a scroll of enchant armour for 82 gold pieces
  5455 | D:6      | Bought a scroll of identify for 22 gold pieces
  5455 | D:6      | Bought a scroll of summoning for 104 gold pieces
  5455 | D:6      | Bought a scroll of identify for 22 gold pieces
  5455 | D:6      | Bought a scroll of teleportation for 33 gold pieces
  5533 | D:6      | Identified a scroll of acquirement
  6145 | D:7      | Reached skill level 5 in Dodging
  6245 | D:7      | Reached skill level 8 in Axes
  6488 | D:7      | Noticed a cyclops
  6506 | D:7      | HP: 2/79 [cyclops (27)]
  6508 | D:7      | Slain by a cyclops

Illustrated notes

Levels and vault maps discovered:
D:1:      dpeg_arrival_oval, layout_basic, minmay_misc_feat_nine_boxes,
          hangedman_decor_clover_reticule
D:2:      minmay_thinvault, layout_loops_corners,
          shapermc_ecumenical_altar_notcrosses, uniq_crazy_yiuf_cottage,
          uniq_jessica, uniq_sigmund
D:3:      layout_basic, uniq_terence
D:4:      layout_rooms
D:5:      layout_basic, minmay_temple_entry_glass, portal_sewer_entry_b,
          uniq_eustachio, uniq_blork_the_orc
D:6:      layout_loops_corners, serial_shops, nicolae_diamond_shop,
          uniq_menkaure
D:7:      layout_rooms
Temple:   compressed_dpeg_triangle_lava_temple

Skill      XL: |  1  2  3  4  5  6  7  8  9 |
---------------+----------------------------+-----
Axes           | 2 3 4 5 7 8 |  8.0
Shields        | 3 4 5 |  5.3
Fighting       | 3 4 |  4.7
Dodging        | 3 4 5 |  5.1
Throwing       | |  0.8

Action                   |  1- 3 |  4- 6 |  7- 9 || total
-------------------------+-------+-------+-------++-------
Melee: War axe           |    85 |   104 |       ||   189
       Broad axe         |       |    55 |   322 ||   377
Throw: Stone             |       |     3 |    51 ||    54
  Use: Potion            |       |       |     4 ||     4
       Scroll            |       |       |     8 ||     8
 Stab: Sleeping          |     1 |     4 |     1 ||     6
       Distracted        |       |       |     2 ||     2
Armor: Robe              |    39 |    52 |    73 ||   164
Dodge: Dodged            |    34 |    76 |   199 ||   309
       Repelled          |       |       |     3 ||     3
Block: Kite shield       |    30 |    80 |   198 ||   308
